 Dungeon Crawl Stone Soup version 0.31-a0-1338-gb567cfdca4 (webtiles) character file.

Game seed: 10430505627210420067

5952 MachoJfn the Thaumaturge (level 11, -2/59 HPs)
             Began as a Djinni Fire Elementalist on Dec 22, 2023.
             Was an Elder of Hepliaklqana.
             Slain by a slime creature (16 damage)
             ... on level 7 of the Dungeon.
             The game lasted 00:35:00 (10338 turns).

MachoJfn the Thaumaturge (DjFE)                    Turns: 10338, Time: 00:35:00

Health: -2/59      AC:  7    Str:  7    XL:     11   Next: 9%
Gold:   247        EV: 11    Int: 22    God:    Hepliaklqana [****..] SH:  0 Dex: 19

rFire   + + +        l - staff of fire
rCold   . . .        (no shield)
rNeg    . . .        C - +0 ring mail
rPois   ∞            (no helmet)
rElec   +            t - +0 cloak
rCorr   +            y - +0 pair of gloves
SInv    .            (boots unavailable)
Will    +....        r - amulet of faith
Stlth   ++           s - +6 ring of dexterity
HPRegen 0.29/turn    z - ring of wizardry
MPRegen 0.00/turn

%: faith, wizardry (x1), infuse magic (-3 HP)
@: resistant, flying, studying Fighting
A: reduced essence, sickness immunity, fire resistance 2, cold vulnerability 1,
float, innate caster, HP casting, extra vitality 1
a: Renounce Religion, Recall Ancestor, Ancestor Identity, Transference, Idealise


You were on level 7 of the Dungeon.
You worshipped Hepliaklqana.
Hepliaklqana was greatly pleased with you.
You visited 1 branch of the dungeon, and saw 7 of its levels.

You collected 247 gold pieces.

Inventory:

Hand Weapons
 p - a +0 scythe
Missiles
 a - 4 curare-tipped darts
 f - 88 stones
 i - 25 poisoned darts
 n - 5 large rocks
Armour
 t - a +0 cloak (worn)
 y - a +0 pair of gloves (worn)
 C - a +0 ring mail (worn)
Magical Staves
 l - a staff of fire (weapon)
Jewellery
 r - an amulet of faith (around neck)
 s - a +6 ring of dexterity (left hand)
 z - a ring of wizardry (right hand)
Scrolls
 h - a scroll of poison
 j - 2 scrolls of teleportation
 m - 2 scrolls of fog
 v - 2 scrolls of revelation
 w - a scroll of blinking
 B - 2 scrolls of amnesia
Potions
 b - a potion of curing
 d - a potion of might
 g - a potion of mutation
 o - 5 potions of enlightenment
 q - 2 potions of degeneration
 u - a potion of ambrosia
 x - 2 potions of brilliance
Miscellaneous
 k - a box of beasts


   Skills:
 - Level 0.4 Fighting
 + Level 1.6 Armour
 + Level 3.8 Dodging
 + Level 4.0 Stealth
 * Level 9.4 Spellcasting
 * Level 9.4 Conjurations
 * Level 9.4 Hexes
 * Level 9.4 Summonings
 * Level 9.4 Necromancy
 * Level 9.4 Translocations
 * Level 9.4 Fire Magic
 * Level 9.4 Ice Magic
 * Level 9.4 Air Magic
 * Level 9.4 Earth Magic
 * Level 9.4 Alchemy
 * Level 7.0 Invocations
 - Level 6.6 Evocations


You knew the following spells:

 Your Spells              Type           Power      Damage    Failure   Level
a - Foxfire               Conj/Fire      100%       2x1d9     1%          1
b - Scorch                Fire           100%       2d9       1%          2
c - Volatile Blastmotes   Fire/Tloc      100%       2d18      1%          3
d - Inner Flame           Hex/Fire       67%        N/A       1%          3
e - Flame Wave            Conj/Fire      67%        2d15      1%          4
f - Summon Small Mammal   Summ           100%       N/A       1%          1
g - Passwall              Alch/Erth      42%        N/A       1%          2
h - Frozen Ramparts       Ice            100%       1d16      1%          3
i - Iskenderun's Mystic   Conj/Tloc      51%        2d11      1%          4
j - Brom's Barrelling Bo  Conj/Erth      51%        2d7       1%          4
Your spell library was empty.

Dungeon Overview and Level Annotations

Branches:
Dungeon (7/15)             Temple (0/1) D:6

Altars:
Cheibriados
Elyvilon
Gozag
Hepliaklqana
Qazlal
Ru
Wu Jian
Xom
Yredelemnul
Zin

Shops:
D:3 *


Innate Abilities, Weirdness & Mutations

Your life essence is reduced to manifest your ancestor. (-10% HP)
You are immune to sickness and miasma.
You are immune to poison.
Your flesh is very heat resistant. (rF++)
You are vulnerable to cold. (rC-)
You float through the air rather than walking.
You learn spells naturally, not from books.
Your magical power is your life essence.
You have superior vitality. (+4 MHP)


Message History

The slime creature hits you but does no damage.
The endoplasm closely misses you.
Two slime creatures merge to form a large slime creature.
PunyBfds hits the large slime creature with a +0 flail!
A large slime creature splits.
You see here a goblin skeleton.
Casting: Scorch (safe; 1% risk of failure)
Confirm with . or Enter, or press ? or * to list all spells.
You feel a surge of power!
Flames lash the slime creature.
The slime creature is moderately wounded.
The slime creature's fire resistance burns away.
The slime creature hits you.
The endoplasm hits the toadstool.
The endoplasm closely misses PunyBfds.
The slime creature hits you but does no damage.
Casting: Scorch (safe; 1% risk of failure)
Confirm with . or Enter, or press ? or * to list all spells.
You feel a surge of power!
Flames lash the slime creature.
The slime creature is burned terribly!
The slime creature is moderately wounded.
PunyBfds barely misses the slime creature.
The slime creature barely misses you.
The endoplasm hits the toadstool.
The toadstool is destroyed!
The endoplasm jiggles.
PunyBfds blocks the endoplasm's attack.
The jelly hits you but does no damage. The slime creature hits you.
You hit the slime creature.
The slime creature is moderately wounded.
PunyBfds hits the endoplasm with a +0 flail!
The endoplasm dies!
The slime creature hits you! The jelly hits you but does no damage.
The slime creature hits you but does no damage.
You feel better. The slime creature hits you!
The endoplasm hits you but does no damage.
The slime creature hits you!
* * * LOW HITPOINT WARNING * * *
The jelly barely misses you.
PunyBfds hits the slime creature with a +0 flail!
You feel protected. The slime creature hits you!
You die...

....##.#....## #.......#
##.###.##....## #.......#
.......##.#...# #....####
..........#...#
#....'..##
....###.......#
########.#
.>...##..####.#
##....).##
...........##.###R#######
#....##.#.....##JJ..._...
##....#.##....##@JJ_.....
.#......#.....##.J....÷..
.......#......##.÷._._÷÷.
.....)..).....##.÷._÷....
......#.#.....##....._..?
#...######...############
....<# ##..# ##..## ####
##.#


You could see the friendly PunyBfds the knight, 2 slime creatures, 2 jellies and
an endoplasm.

Vanquished Creatures
  A two-headed ogre (D:6)
  2 gargoyles (D:6)
  Prince Ribbit (D:7)
  A wyvern (D:7)
  Sigmund (D:3)
  2 water moccasins (D:7)
  An ice beast (D:7)
  A black bear (D:4)
  An ogre (D:7)
  A centaur (D:5)
  3 phantoms
  5 kobold brigands (D:7)
  2 bullfrogs
  3 necrophages (D:6)
  A gnoll sergeant (D:7)
  4 scorpions
  A wight (D:6)
  2 howler monkeys (D:6)
  2 jellies (D:7)
  A human zombie (D:6)
  3 hounds (D:5)
  A centaur zombie (D:6)
  An orc priest (D:6)
  A sleepcap (D:5)
  Natasha (D:2)
  4 orc wizards
  2 mutant beasts (D:7)
  A mummy (D:6)
  A howler monkey zombie (D:6)
  5 gnolls
  4 adders
  A shadow imp (D:6)
  2 white imps (D:7)
  3 worms (D:2)
  3 dart slugs
  12 orcs
  8 endoplasms
  A giant cockroach (D:3)
  5 goblins
  8 hobgoblins
  6 jackals
  4 quokkas
  5 ball pythons
  10 bats
  5 frilled lizards (D:1)
  17 kobolds
  9 rats
159 creatures vanquished.

Vanquished Creatures (collateral kills)
  A two-headed ogre (D:6)
  3 mutant beasts (D:7)
  An orc warrior (D:7)
  An ogre (D:4)
  A bullfrog (D:6)
  A necrophage (D:6)
  A wight (D:6)
  A bullfrog zombie (D:6)
  A centaur zombie (D:6)
  Crazy Yiuf (D:3)
  An orc priest (D:7)
  An orc wizard (D:4)
  A gnoll (D:7)
  A worm (D:4)
  3 orcs
  3 endoplasms
  A giant cockroach (D:4)
  2 hobgoblins
  A jackal (D:5)
  A quokka (D:3)
  2 kobolds (D:7)
  A rat (D:3)
  4 foxfires (D:3)
34 creatures vanquished.

Vanquished Creatures (others)
  An ancestor (D:2)
  312 foxfires
313 creatures vanquished.

Grand Total: 506 creatures vanquished

Notes
Turn   | Place    | Note
-------+----------+-------------------------------------------
     0 | D:1      | MachoJfn the Djinni Fire Elementalist began the quest for
                  | the Orb.
     0 | D:1      | MachoJfn set off with the following spells memorised:
                  | Foxfire, Scorch, Volatile Blastmotes, Inner Flame, Flame
                  | Wave.
     0 | D:1      | Reached XP level 1. HP: 15/15 MP: 0/0
    26 | D:1      | Reached XP level 2. HP: 15/21 MP: 0/0
   301 | D:1      | Found a faded altar of an unknown god.
   341 | D:1      | Prayed at the altar of an unknown god.
   341 | D:1      | Became a worshipper of Hepliaklqana the Forgotten
   341 | D:1      | Reached * piety under Hepliaklqana
   507 | D:1      | Reached XP level 3. HP: 14/22 MP: 0/0
   507 | D:1      | Learned a level 1 spell: Summon Small Mammal
  1883 | D:2      | Reached XP level 4. HP: 22/27 MP: 0/0
  2294 | D:2      | Reached skill level 1 in Invocations
  2511 | D:2      | Reached XP level 5. HP: 14/31 MP: 0/0
  2511 | D:2      | Learned a level 2 spell: Passwall
  2836 | D:2      | Noticed Natasha
  2840 | D:2      | Killed Natasha
  3217 | D:3      | Noticed Sigmund
  3225 | D:3      | Killed Sigmund
  3226 | D:3      | Reached XP level 6. HP: 17/36 MP: 0/0
  3332 | D:3      | Found a stormy altar of Qazlal.
  3378 | D:3      | Reached ** piety under Hepliaklqana
  3379 | D:3      | Remembered your ancestor PunyBfds as a knight
  3457 | D:3      | Found a snail-covered altar of Cheibriados.
  3575 | D:3      | Found Zin's Purification Station.
  3579 | D:3      | Found a glowing silver altar of Zin.
  3664 | D:3      | Found a runed translucent door.
  3665 | D:3      | Noticed Crazy Yiuf
  3946 | D:3      | Killed Crazy Yiuf
  4855 | D:4      | Reached XP level 7. HP: 35/40 MP: 0/0
  4855 | D:4      | Learned a level 3 spell: Frozen Ramparts
  4870 | D:4      | Reached skill level 5 in Spellcasting
  4870 | D:4      | Reached skill level 5 in Conjurations
  4870 | D:4      | Reached skill level 5 in Hexes
  4870 | D:4      | Reached skill level 5 in Summonings
  4870 | D:4      | Reached skill level 5 in Necromancy
  4870 | D:4      | Reached skill level 5 in Translocations
  4870 | D:4      | Reached skill level 5 in Fire Magic
  4870 | D:4      | Reached skill level 5 in Ice Magic
  4870 | D:4      | Reached skill level 5 in Air Magic
  4870 | D:4      | Reached skill level 5 in Earth Magic
  4870 | D:4      | Reached skill level 5 in Alchemy
  5081 | D:4      | Reached XP level 8. HP: 44/45 MP: 0/0
  5159 | D:4      | Found a sacrificial altar of Ru.
  5475 | D:5      | Entered Level 5 of the Dungeon
  5566 | D:5      | Reached *** piety under Hepliaklqana
  5897 | D:5      | Reached skill level 5 in Evocations
  6422 | D:6      | Reached XP level 9. HP: 38/49 MP: 0/0
  6422 | D:6      | Learned a level 4 spell: Iskenderun's Mystic Blast
  6515 | D:6      | Found a basalt altar of Yredelemnul.
  7017 | D:6      | Noticed a gargoyle
  7031 | D:6      | Killed a gargoyle
  7107 | D:6      | Found a staircase to the Ecumenical Temple.
  7356 | D:6      | Noticed a gargoyle
  7362 | D:6      | Killed a gargoyle
  7382 | D:6      | Noticed a two-headed ogre
  7385 | D:6      | Killed a two-headed ogre
  7386 | D:6      | Reached XP level 10. HP: 43/54 MP: 0/0
  7492 | D:6      | Noticed a two-headed ogre
  7499 | D:6      | Killed a two-headed ogre
  7500 | D:6      | Reached skill level 5 in Invocations
  8552 | D:7      | Noticed Prince Ribbit
  8564 | D:7      | Killed Prince Ribbit
  8608 | D:7      | Reached **** piety under Hepliaklqana
  8880 | D:7      | Reached skill level 1 in Armour
  9352 | D:7      | Noticed a juvenile weirdbat beast
  9361 | D:7      | Killed a juvenile weirdbat beast
  9381 | D:7      | Reached XP level 11. HP: 18/59 MP: 0/0
  9381 | D:7      | Learned a level 4 spell: Brom's Barrelling Boulder
 10326 | D:7      | Found a shimmering altar of Xom.
 10326 | D:7      | Found a sacrificial altar of Ru.
 10326 | D:7      | Found a white marble altar of Elyvilon.
 10326 | D:7      | Found a white marble altar of Elyvilon.
 10326 | D:7      | Found an ornate altar of the Wu Jian Council.
 10326 | D:7      | Found an opulent altar of Gozag.
 10338 | D:7      | Slain by a slime creature

Illustrated notes

Levels and vault maps discovered:
D:1:      wander_arrival_estate, layout_loops_corners,
          dreamdust_ecumenical_altar_grove, minmay_misc_feat_rows,
          moated_statue, minmay_pentomino_z4
D:2:      layout_basic, uniq_natasha
D:3:      layout_loops_ring, nicolae_qazlal_scattered_showers,
          mainiacjoe_overflow_catch_the_wave, zin_purify, uniq_sigmund,
          uniq_crazy_yiuf_cottage
D:4:      minmay_evil_eye, layout_cave_pools,
          nicolae_ru_great_annihilating_truth
D:5:      layout_loops_cross
D:6:      layout_basic, lemuel_mausoleum_altar_yredelemnul,
          minmay_temple_entry_large_hall, minmay_misc_feat_hallway,
          minmay_manual_monstrance
D:7:      cheibrodos_fertilizer, layout_cave_pools,
          mainiacjoe_overflow_24_doors, kennysheep_cluttered_room,
          hangedman_decor_growths, grunt_decor_clamped, minmay_misc_feat_chi,
          nicolae_beast_mode, uniq_prince_ribbit1

Skill      XL: |  1  2  3  4  5  6  7  8  9 10 11 |
---------------+----------------------------------+-----
Stealth        | 2 3 4 |  4.0
Invocations    | 1 4 6 7 |  7.0
Spellcasting   | 4 5 6 8 9 |  9.4
Conjurations   | 4 5 6 8 9 |  9.4
Hexes          | 4 5 6 8 9 |  9.4
Summonings     | 4 5 6 8 9 |  9.4
Necromancy     | 4 5 6 8 9 |  9.4
Translocations | 4 5 6 8 9 |  9.4
Fire Magic     | 4 5 6 8 9 |  9.4
Ice Magic      | 4 5 6 8 9 |  9.4
Air Magic      | 4 5 6 8 9 |  9.4
Earth Magic    | 4 5 6 8 9 |  9.4
Alchemy        | 4 5 6 8 9 |  9.4
Evocations     | 2 3 5 6 |  6.6
Dodging        | 3 |  3.8
Armour         | 1 |  1.6
Fighting       | |  0.4

Action                     |  1- 3 |  4- 6 |  7- 9 | 10-12 || total
---------------------------+-------+-------+-------+-------++-------
  Melee: Unarmed           |     6 |       |       |       ||     6
         Staff             |       |    26 |     3 |     1 ||    30
         Punch             |       |     1 |       |       ||     1
   Cast: Foxfire           |    47 |    53 |    62 |    32 ||   194
         Scorch            |     9 |    19 |    52 |    61 ||   141
         Inner Flame       |     2 |     9 |     7 |     9 ||    27
         Volatile Blastmot |       |     1 |     1 |     3 ||     5
         Frozen Ramparts   |       |       |     1 |       ||     1
         Flame Wave        |       |       |     1 |       ||     1
 Invoke: Recall Ancestor   |     1 |     1 |     1 |     1 ||     4
         Ancestor Identity |     1 |     1 |       |       ||     2
         Ancestor Life: Kn |       |     1 |       |       ||     1
    Use: Scroll            |     6 |     6 |     4 |     3 ||    19
         Potion            |       |     2 |       |     6 ||     8
 Armour: Robe              |     2 |     6 |    13 |       ||    21
         Ring mail         |       |       |       |    32 ||    32
         Leather armour    |       |       |       |     1 ||     1
  Dodge: Dodged            |     4 |     9 |    14 |    15 ||    42

Table legend: (Time is in decaauts)
 A = Elapsed time spent in this place.
 B = Non-inter-level travel time spent in this place.
 C = Inter-level travel time spent in this place.
 D = Time resting spent in this place.
 E = Time spent auto-exploring this place.
 F = Levels seen in this place.
 G = Mean time per level.
                   A        B        C        D        E       F      G
               +--------+--------+--------+--------+--------+-----+--------+
         Total |  10340 |   9316 |   1024 |   3863 |   4194 |   7 | 1477.1 |
       Dungeon |  10340 |   9316 |   1024 |   3863 |   4194 |   7 | 1477.1 |
               +--------+--------+--------+--------+--------+-----+--------+

Top non-repeatable levels by time:
     D:6: 2206 daAuts
     D:2: 2048 daAuts
     D:7: 1794 daAuts
     D:3: 1648 daAuts
     D:1: 1154 daAuts
     D:5: 860 daAuts
     D:4: 627 daAuts
